 Dungeon Crawl Stone Soup version 0.30.0-5-g1a98f26d00 (webtiles) character file.

Game seed: 13611522524998213217

30 monsoonserge the Cudgeller (level 3, 0/33 HPs)
             Began as a Meteoran Chaos Knight on May 10, 2023.
             Was a Plaything of Xom.
             Slain by an adder (1 damage)
             ... on level 2 of the Dungeon.
             The game lasted 00:04:06 (334 turns).

monsoonserge the Cudgeller (Meteoran Chaos Knight)   Turns: 334, Time: 00:04:07

Health: 0/33       AC:  5    Str: 22    XL:     3   Next: 58%
Magic:  4/4        EV: 11    Int: 13    God:    Xom [..*...]
Gold:   63         SH:  0    Dex: 13    Spells: 2/2 levels left

rFire   . . .        a - +0 mace (chaos)
rCold   . . .        (no shield)
rNeg    . . .        b - +2 leather armour
rPois   .            (no helmet)
rElec   .            (no cloak)
rCorr   .            (no gloves)
SInv    .            (no boots)
Will    .....        (no amulet)
Stlth   +            d - +6 ring of strength
HPRegen 0.25/turn    (no ring)
MPRegen 0.09/turn

%: no passive effects
@: hasted, glowing, very quick
A: sense surroundings 1, otherworldly, glowing, explore regen
a: Renounce Religion


You were on level 2 of the Dungeon.
You worshipped Xom.
You were a toy of Xom.
You visited 1 branch of the dungeon, and saw 2 of its levels.

You collected 63 gold pieces.

Inventory:

Hand Weapons
 a - a +0 mace of chaos (weapon)
Armour
 b - a +2 leather armour (worn)
Jewellery
 d - a +6 ring of strength (left hand)
 h - a ring of fire
Scrolls
 f - a scroll of noise {unknown}
Potions
 e - 2 potions of heal wounds
Miscellaneous
 c - a piece from Xom's chessboard (14/15) (quivered)


   Skills:
 + Level 3.8 Fighting
 + Level 4.6 Maces & Flails
 + Level 2.9 Armour
 + Level 1.6 Dodging


You had 2 spell levels left.
You didn't know any spells.
Your spell library contained the following spells:

 Spells                   Type           Power      Damage    Failure   Level
 Static Discharge         Conj/Air       0%         2-2/arc   47%         2
 Airstrike                Air            0%         2d(0-16)  98%         4
 Summon Lightning Spire   Summ/Air       0%         N/A       98%         4


Dungeon Overview and Level Annotations

Branches:
Dungeon (2/15) Zot: 853

Altars:
Trog


Innate Abilities, Weirdness & Mutations

You passively map a small area around you.
You are easily found by Zot.
You glow in the dark.
You regain HP and MP as you explore.


Message History

Unknown command.
You miss the adder. The adder closely misses you.
The endoplasm closely misses you. The endoplasm hits you. The adder bites you.
You are poisoned.
The adder poisons you!
You closely miss the adder.
You feel sick. The adder barely misses you. The endoplasm hits you.
The endoplasm barely misses you.
You closely miss the adder.
You feel sick. The adder closely misses you.
The endoplasm hits you but does no damage.
The endoplasm freezes you.
You are frozen.
The adder bites you but does no damage.
You closely miss the adder.
You feel sick. The endoplasm freezes you.
You are frozen.
* * * LOW HITPOINT WARNING * * *
The endoplasm hits you but does no damage.
The adder bites you but does no damage.
It was a potion of haste.
You feel yourself speed up.
You feel sick. The adder bites you.
* * * LOW HITPOINT WARNING * * *
The endoplasm barely misses you.
The endoplasm hits you but does no damage.
The adder barely misses you.
You hit the adder.
The adder suddenly seems more resistant.
The adder is moderately wounded.
You feel sick.
You are no longer poisoned.
The endoplasm hits you.
* * * LOW HITPOINT WARNING * * *
The endoplasm hits you but does no damage.
The adder barely misses you.
You miss the adder.
The adder is moderately wounded.
The endoplasm misses you. The endoplasm freezes you.
You are frozen.
* * * LOW HITPOINT WARNING * * *
The adder bites you.
You die...

##.#.##....# , ### *
##..#.......# , ....
#####..#####....# *
#.!.####....>...........
*
.!.......#########.....
* ....##..#### * ..)...
* * # .?#.#......#
**,#....#
....#...####....,,#....#
, #.....J@...# ##. ....#
###...S[J..# * *
....!.._......) *
..........###.#
........... #
..(......... *
.....##..#... * * .#.##
##...#..


You could see an adder (resistant) and 2 endoplasms.

Vanquished Creatures
  An adder (D:2)
  2 endoplasms (D:1)
  2 giant cockroaches
  2 hobgoblins (D:1)
  5 ball pythons (D:1)
  2 bats
  2 frilled lizards (D:1)
  2 goblins (D:1)
  3 kobolds (D:1)
  A rat (D:1)
22 creatures vanquished.

Notes
Turn   | Place    | Note
-------+----------+-------------------------------------------
     0 | D:1      | monsoonserge the Meteoran Chaos Knight began the quest for
                  | the Orb.
     0 | D:1      | Reached XP level 1. HP: 19/19 MP: 2/2
    11 | D:1      | XOM: silly message
    31 | D:1      | Reached XP level 2. HP: 24/26 MP: 3/3
    32 | D:1      | XOM: silly message
   107 | D:1      | Found a faded altar of an unknown god.
   225 | D:1      | Reached XP level 3. HP: 33/33 MP: 4/4
   305 | D:2      | XOM: silly message
   313 | D:2      | Found a bloodstained altar of Trog.
   334 | D:2      | HP: 1/33 [frozen (4)]
   334 | D:2      | Slain by an adder

Illustrated notes

Levels and vault maps discovered:
D:1:      minmay_arrival_cross, layout_basic,
          shapermc_ecumenical_altar_acropolis
D:2:      layout_rooms, basic_altar

Action                     || total
---------------------------++-------
  Melee: Mace              ||    64
  Evoke: Piece from Xom's  ||     1
    Use: Potion            ||     2
 Armour: Leather armour    ||    30
  Dodge: Dodged            ||    51
